[Event "Titled Tuesday Blitz April 12 Early 2022"]
[White "Plazuelo Pascual, Juan"]
[Black "Palachev, Petr"]
[WhiteFideId "32059566"]
[BlackFideId "24129003"]
[WhiteElo "2359"]
[BlackElo "2339"]
[Result "0-1"]
[Round "04"]
[TimeControl "180+1"]
[Date "2022.04.13"]
[WhiteClock "0:00:03"]
[BlackClock "0:00:10"]

1. e4 c5 2. Nf3 Nc6 3. d4 cxd4 4. Nxd4 g6 5. c4 Nf6 6. Nc3 d6 7. Be2 Bg7 8. Be3 O-O 9. O-O Bd7 10. h3 Nxd4 11. Bxd4 Bc6 12. Qc2 Nd7 13. Bxg7 Kxg7 14. b4 Nf6 15. a3 Rc8 16. Qb2 Kg8 17. Bd3 a5 18. f4 axb4 19. axb4 Qb6+ 20. Kh2 Ra8 21. Rad1 Rfd8 22. Bc2 Qa7 23. Rd2 Qa3 24. Qxa3 Rxa3 25. Rf3 Rda8 26. Re3 Ne8 27. Rde2 h5 28. e5 dxe5 29. fxe5 e6 30. Be4 Bxe4 31. Nxe4 Kf8 32. c5 Ke7 33. Rxa3 Rxa3 34. Rb2 Re3 35. Nd6 Nxd6 36. exd6+ Kd7 37. Kg1 Rc3 38. Kf2 h4 39. Ke2 e5 40. Kd2 Rc4 41. Kd3 Rd4+ 42. Kc3 b6 43. Ra2 bxc5 44. bxc5 Kc6 45. Ra7 Kxc5 46. Rxf7 Rxd6 47. Rh7 Ra6 48. Rxh4 Ra3+ 49. Kb2 Rg3 50. Re4 Rxg2+ 51. Kc3 Rg3+ 52. Kd2 Kd5 53. Rh4 g5 54. Rh8 Ke4 55. Ke2 Rg2+ 56. Kf1 Rh2 57. Kg1 Ra2 58. Rf8 Ra7 59. Kg2 Rg7 60. Kg3 Ke3 61. Kg4 e4 62. Re8 Kd3 63. Rd8+ Ke2 64. Ra8 Rd7 65. Kxg5 Kf3 66. Rf8+ Kg3 67. Re8 Rd5+ 68. Kf6 Kf3 69. h4 Rh5 70. Rf8 Rxh4 71. Kg5+ Kg3 72. Ra8 Rg4+ 73. Kf5 Rf4+ 74. Ke5 e3 75. Ra3 Rf3 76. Ke4 Kf2 77. Ra2+ e2 78. Rb2 Re3+ 79. Kd4 Re8 80. Kd3 Kf1 81. Rb1+ e1=Q 82. Rxe1+ Kxe1 0-1


[Site "https://www.chess.com"]

[Event "Titled Tuesday Blitz April 12 Early 2022"]
[White "Pliukha, Myhajlo"]
[Black "Migot, Tangi"]
[WhiteFideId "14164698"]
[BlackFideId "662445"]
[WhiteElo "2229"]
[BlackElo "2521"]
[Result "0-1"]
[Round "04"]
[TimeControl "180+1"]
[Date "2022.04.13"]
[WhiteClock "0:00:26"]
[BlackClock "0:00:21"]

1. e4 c5 2. Nc3 a6 3. Nf3 e6 4. d4 cxd4 5. Qxd4 Nc6 6. Qd3 Qc7 7. Be2 b5 8. O-O Bb7 9. Re1 Bd6 10. h3 Nge7 11. Nd4 Nxd4 12. Qxd4 Bh2+ 13. Kh1 Be5 14. Qe3 Ng6 15. Qg5 b4 16. Na4 Qc6 17. f4 Bf6 18. Qc5 Qxa4 19. f5 Ne5 20. Bf4 Qc6 21. Qxb4 a5 22. Qd2 O-O 23. c3 d6 24. Rad1 Qxe4 25. Bf3 Nxf3 26. gxf3 Qxf3+ 27. Kh2 e5 28. Bg3 Bg5 29. Qf2 Qxf2+ 30. Bxf2 d5 31. Kg1 e4 32. Bd4 Rfe8 33. Kf2 Rac8 34. Kg3 g6 35. fxg6 hxg6 36. h4 Bh6 37. h5 Bg7 38. hxg6 fxg6 39. Kg4 Rc4 40. b3 Rcc8 41. Kg5 Bxd4 42. cxd4 Kg7 43. Rc1 Rxc1 44. Rxc1 Rc8 45. Re1 Rc2 46. a4 Rg2+ 47. Kf4 Rf2+ 48. Ke5 Rf3 49. Rc1 Rxb3 50. Rc7+ Kh6 51. Kf6 Rf3+ 52. Ke5 Ba6 53. Kxd5 e3 54. Re7 e2 55. Re6 Rf1 56. Kc5 e1=Q 57. Rxe1 Rxe1 58. d5 Be2 59. d6 Bg4 60. Kb6 Re5 61. Kc7 Be6 62. Kd8 Re4 63. Ke7 Bf5+ 64. Kf6 Rxa4 65. d7 Bxd7 66. Ke7 Rb4 67. Kd6 a4 68. Kc5 Rb3 69. Kc4 Rb5 70. Kc3 a3 71. Kd4 a2 72. Kd3 a1=Q 73. Kc4 Qa4+ 74. Kd3 Rb3+ 75. Kc2 Qa2+ 76. Kc1 Rb1# 0-1


[Site "https://www.chess.com"]

[Event "Titled Tuesday Blitz April 12 Early 2022"]
[White "Plotnikov, Pavel"]
[Black "Pakleza, Zbigniew"]
[WhiteFideId "4170342"]
[BlackFideId "1119290"]
[WhiteElo "2298"]
[BlackElo "2467"]
[Result "1/2-1/2"]
[Round "04"]
[TimeControl "180+1"]
[Date "2022.04.13"]
[WhiteClock "0:00:20"]
[BlackClock "0:00:27"]

1. e4 d6 2. d4 Nf6 3. Nc3 c6 4. a4 Nbd7 5. Nf3 e5 6. h3 Be7 7. Be3 O-O 8. g4 Re8 9. Bg2 Qc7 10. O-O Nf8 11. Qd2 Ng6 12. Rad1 a6 13. Rfe1 b5 14. axb5 axb5 15. b3 Bf8 16. Bg5 Nd7 17. d5 b4 18. Ne2 cxd5 19. exd5 Qb8 20. Ng3 Ba6 21. Re4 Rc8 22. Rxb4 Qc7 23. c4 Nc5 24. Be3 Qa5 25. Bxc5 Qxc5 26. Ne4 Qc7 27. Ra1 Nf4 28. Rba4 Bb7 29. Bf1 Rab8 30. Nd4 Nxh3+ 31. Bxh3 exd4 32. Qxd4 Re8 33. Bg2 Qd8 34. R4a2 Bc8 35. Ng3 Rxb3 36. Re2 Rxe2 37. Nxe2 g6 38. Ng3 Bg7 39. Qd1 Rxg3 40. fxg3 Bxa1 41. Qxa1 Bxg4 42. Qa7 h5 43. c5 dxc5 44. Qxc5 Kg7 45. d6 Be6 46. Qc3+ Qf6 47. Qd2 Qf5 48. Qd4+ Qf6 49. Qd2 h4 50. gxh4 Qxh4 51. d7 Qd8 52. Qd4+ Kg8 53. Bc6 Qg5+ 54. Kf2 Qd8 55. Kf3 f6 56. Qd6 Kf7 57. Bd5 Bxd5+ 58. Qxd5+ Ke7 59. Qe4+ Kf7 60. Qd5+ Ke7 61. Qe4+ Kxd7 62. Qxg6 Qe7 63. Qf5+ Ke8 64. Qc8+ Kf7 65. Qc4+ Kg7 66. Qg4+ Kf8 67. Qc8+ Kf7 68. Qc4+ Kg7 69. Qg4+ Kh6 70. Qh4+ Kg6 71. Qg4+ Kh7 72. Qh5+ Kg8 73. Qg4+ Kf8 74. Qc8+ Qe8 75. Qxe8+ Kxe8 76. Kf4 Kf7 77. Kf5 Kg7 78. Kf4 Kg6 79. Kg4 f5+ 80. Kf4 Kf6 81. Kf3 Kg5 82. Kg3 Kg6 83. Kf3 Kf6 84. Kf4 Ke6 85. Kf3 Ke5 86. Ke3 f4+ 87. Kf3 Kf5 88. Kf2 Ke4 89. Ke2 f3+ 90. Kf2 Kf4 91. Kf1 Kg3 92. Kg1 Kg4 93. Kf2 Kf4 94. Kf1 Ke3 95. Ke1 Ke4 96. Kf2 Kf4 1/2-1/2


[Site "https://www.chess.com"]

[Event "Titled Tuesday Blitz April 12 Early 2022"]
[White "Potapova, Margarita"]
[Black "Skuhala, Barbara"]
[WhiteFideId "14126869"]
[BlackFideId "14605465"]
[WhiteElo "2216"]
[BlackElo "2155"]
[Result "1-0"]
[Round "04"]
[TimeControl "180+1"]
[Date "2022.04.13"]
[WhiteClock "0:00:07"]
[BlackClock "0:00:06"]

1. e4 c5 2. Nf3 d6 3. d4 cxd4 4. Nxd4 Nf6 5. Nc3 a6 6. Be3 e5 7. Nb3 Be7 8. f3 Be6 9. Qd2 Nbd7 10. O-O-O h5 11. Nd5 Nxd5 12. exd5 Bf5 13. Bd3 Bxd3 14. Qxd3 Bg5 15. Kb1 Bxe3 16. Qxe3 Rc8 17. f4 O-O 18. f5 b5 19. g4 hxg4 20. h3 g3 21. Qxg3 Qf6 22. Rhg1 e4 23. Qf4 Rfe8 24. h4 Kf8 25. h5 e3 26. Rde1 Rc4 27. Qg3 Rce4 28. Re2 Ne5 29. Na5 Ra4 30. Nb3 Nc4 31. c3 Qxf5+ 32. Ka1 Qf6 33. h6 Qxh6 34. Rh2 Qf6 35. Re1 Ne5 36. Qxe3 Rf4 37. Nd4 g6 38. Rh8+ Qxh8 39. Qxf4 Qh3 40. Qf6 Qh5 41. Qxd6+ Kg8 42. a3 a5 43. Nc6 f6 44. Ne7+ Rxe7 45. Qxe7 Qf5 46. Rh1 b4 47. d6 bxc3 48. Qh7+ Kf8 49. Qe7+ Kg8 50. Qe8+ Kg7 51. Qh8+ Kf7 52. Rh7+ Ke6 53. Re7+ Kxd6 54. Qd8+ Kc5 55. Rc7+ Nc6 56. Qe7+ Kb6 57. Rb7+ Ka6 58. bxc3 Qf1+ 59. Rb1 Qc4 60. Qe3 Nd4 61. Qxd4 Qc6 62. Qd3+ Ka7 63. Qd4+ Ka6 64. c4 f5 65. Qd5 Qc7 66. Qb5+ Ka7 67. c5 f4 68. Qb6+ Qxb6 69. cxb6+ Kb7 70. Rg1 Kxb6 71. Rxg6+ Kc5 72. Rf6 Kc4 73. Rxf4+ Kb3 74. a4 Ka3 75. Rf3+ Kxa4 76. Rh3 Kb4 77. Rh7 a4 78. Rh8 1-0


[Site "https://www.chess.com"]

[Event "Titled Tuesday Blitz April 12 Early 2022"]
[White "Pourkashiyan, Atousa"]
[Black "Agibileg, Uurtsaikh"]
[WhiteFideId "12502014"]
[BlackFideId "4901606"]
[WhiteElo "2247"]
[BlackElo "2205"]
[Result "0-1"]
[Round "04"]
[TimeControl "180+1"]
[Date "2022.04.13"]
[WhiteClock "0:00:11"]
[BlackClock "0:02:22"]

1. e4 c5 2. Nf3 e6 3. d4 cxd4 4. Nxd4 Nc6 5. Nc3 a6 6. Nxc6 bxc6 7. Bd3 d5 8. O-O Nf6 9. Qe2 Be7 10. Bd2 O-O 11. Rae1 Bb7 12. e5 Nd7 13. Qh5 g6 14. Qh6 c5 15. b3 Re8 16. f4 Bf8 17. Qh3 Nb6 18. Kh1 c4 19. Be2 d4 20. Na4 Nxa4 21. bxa4 Rc8 22. Bf3 Bxf3 23. Qxf3 Qd7 24. a5 Qa4 25. Qg4 Qxc2 26. Bc1 c3 27. Re2 Qd3 28. Ref2 Qe4 29. Re2 Qd3 30. Ref2 Qc4 31. f5 exf5 32. Rxf5 d3 33. R5f4 Qxa2 34. Rxf7 d2 35. Qh4 Qxf7 36. Rxf7 dxc1=Q+ 0-1


[Site "https://www.chess.com"]

[Event "Titled Tuesday Blitz April 12 Early 2022"]
[White "Prohorov, Olexandr"]
[Black "Sadilek, Peter"]
[WhiteFideId "14105578"]
[BlackFideId "1616439"]
[WhiteElo "1993"]
[BlackElo "2145"]
[Result "1-0"]
[Round "04"]
[TimeControl "180+1"]
[Date "2022.04.13"]
[WhiteClock "0:01:57"]
[BlackClock "0:02:13"]

1. Nf3 d5 2. d4 Nf6 3. c4 e6 4. Nc3 c6 5. e3 a6 6. Qc2 c5 7. b3 Nc6 8. Bb2 cxd4 9. exd4 dxc4 10. bxc4 Bb4 11. Be2 Nxd4 12. Nxd4 Qxd4 13. Qa4+ 1-0


[Site "https://www.chess.com"]

[Event "Titled Tuesday Blitz April 12 Early 2022"]
[White "Przybylski, Wojciech"]
[Black "Bernat, David"]
[WhiteFideId "1117599"]
[BlackFideId "2099225"]
[WhiteElo "2133"]
[BlackElo "2323"]
[Result "1-0"]
[Round "04"]
[TimeControl "180+1"]
[Date "2022.04.13"]
[WhiteClock "0:00:59"]
[BlackClock "0:00:11"]

1. d4 d5 2. c4 e5 3. dxe5 d4 4. Nf3 Nc6 5. e3 Bb4+ 6. Ke2 Bg4 7. a3 Bf8 8. h3 Bxf3+ 9. gxf3 Nxe5 10. exd4 Ng6 11. Be3 Nf6 12. Nc3 Nh5 13. Qa4+ c6 14. Re1 Nhf4+ 15. Kd1 Be7 16. Kc1 O-O 17. h4 Bxh4 18. Qc2 Bg5 19. Ne4 Bh6 20. Kb1 Re8 21. Ng3 Bg5 22. Ne4 Bh6 23. Ng3 Bg5 24. Rd1 Ne6 25. Ne4 Bxe3 26. fxe3 Ng5 27. Bd3 Nxf3 28. Qf2 Ng5 29. Ng3 Qf6 30. Nf5 Ne4 31. Qf3 Ng5 32. Qf2 h6 33. Nxh6+ gxh6 34. Qxf6 1-0


[Site "https://www.chess.com"]

[Event "Titled Tuesday Blitz April 12 Early 2022"]
[White "Reprintsev, Alexander"]
[Black "Xu, Yi"]
[WhiteFideId "14100541"]
[BlackFideId "8605564"]
[WhiteElo "2108"]
[BlackElo "2471"]
[Result "0-1"]
[Round "04"]
[TimeControl "180+1"]
[Date "2022.04.12"]
[WhiteClock "0:01:14"]
[BlackClock "0:01:43"]

1. e4 c5 2. b3 Nf6 3. e5 Nd5 4. Nc3 Nxc3 5. dxc3 g6 6. Nf3 Bg7 7. Bc4 Nc6 8. O-O O-O 9. Bf4 Na5 10. Be2 b6 11. Qd2 Bb7 12. Rad1 d5 13. exd6 exd6 14. Bxd6 Re8 15. Bb5 Re6 16. Bf4 Qxd2 17. Bxd2 a6 18. Bd3 c4 19. bxc4 Bxf3 20. gxf3 Rc8 21. Rfe1 Nxc4 22. Rxe6 fxe6 23. Be1 b5 24. Bf1 Kf8 25. Rd7 Ne5 26. Rd6 Nxf3+ 27. Kg2 Nxe1+ 28. Kg3 Be5+ 0-1


[Site "https://www.chess.com"]

[Event "Titled Tuesday Blitz April 12 Early 2022"]
[White "Rodchenkov, Vitaly"]
[Black "Antonio, Jorge Carlos"]
[WhiteFideId "4152964"]
[BlackFideId "113190"]
[WhiteElo "2337"]
[BlackElo "2247"]
[Result "0-1"]
[Round "04"]
[TimeControl "180+1"]
[Date "2022.04.13"]
[WhiteClock "0:00:40"]
[BlackClock "0:01:09"]

1. Nf3 d5 2. d4 c5 3. g3 Nf6 4. c4 cxd4 5. Qxd4 Nc6 6. Qd1 e5 7. Bg2 Bb4+ 8. Bd2 Bxd2+ 9. Qxd2 d4 10. O-O O-O 11. Ng5 Bf5 12. b3 h6 13. Nf3 e4 14. Ne1 Qe7 15. a4 Rad8 16. Na3 a6 17. Nec2 Bg6 18. Rfd1 d3 19. Ne3 Nd4 20. exd3 exd3 21. Rab1 Qxa3 22. b4 Qxa4 23. Ra1 Qb3 24. Rdb1 Ne4 25. Bxe4 Bxe4 26. Qc1 Ne2+ 0-1


[Site "https://www.chess.com"]

[Event "Titled Tuesday Blitz April 12 Early 2022"]
[White "Rodrigues Mota, Romulo Cardoso S"]
[Black "Tuleyeva-Aketayeva, Dana"]
[WhiteFideId "2187442"]
[BlackFideId "13701932"]
[WhiteElo "1851"]
[BlackElo "1875"]
[Result "1-0"]
[Round "04"]
[TimeControl "180+1"]
[Date "2022.04.13"]
[WhiteClock "0:02:15"]
[BlackClock "0:00:01"]

1. e4 c5 2. Nf3 Nc6 3. d4 cxd4 4. Nxd4 g6 5. Nc3 Bg7 6. Be3 Nf6 7. f3 O-O 8. Qd2 d5 9. O-O-O Nxd4 10. Qxd4 Ng4 11. Qxd5 Qxd5 12. Nxd5 Nxe3 13. Nxe3 Bh6 14. Re1 f5 15. Bc4+ Kh8 16. exf5 Bxf5 17. Kb1 Bd7 18. Nd5 b5 19. Rxe7 bxc4 20. Rxd7 Rad8 21. Rxd8 Rxd8 22. Rd1 Bf4 23. b3 Bxh2 24. bxc4 Be5 25. c5 Rb8+ 26. Kc1 Bb2+ 27. Kd2 Rd8 28. c4 Ba3 29. c6 Bc5 30. Kd3 Bd6 31. Rb1 Rc8 32. c5 1-0


[Site "https://www.chess.com"]

[Event "Titled Tuesday Blitz April 12 Early 2022"]
[White "Rudykh, Stepan"]
[Black "Nguyen Hong Nhung"]
[WhiteFideId "4180321"]
[BlackFideId "12412201"]
[WhiteElo "2148"]
[BlackElo "1758"]
[Result "1-0"]
[Round "04"]
[TimeControl "180+1"]
[Date "2022.04.13"]
[WhiteClock "0:00:39"]
[BlackClock "0:00:06"]

1. e4 c5 2. Nf3 e6 3. d4 cxd4 4. Nxd4 Nc6 5. Nc3 Qc7 6. Nxc6 bxc6 7. Bd3 d5 8. O-O Nf6 9. Bg5 Be7 10. Qe2 d4 11. Nd1 c5 12. f4 Bb7 13. f5 e5 14. Nf2 O-O-O 15. a3 h6 16. Bd2 Kb8 17. b4 Rc8 18. Bc4 cxb4 19. Bxf7 bxa3 20. Be6 Rcd8 21. Rfb1 Ka8 22. Bb4 Bxb4 23. Rxb4 Rd6 24. Rxa3 Rb6 25. Rba4 Bc6 26. Rxa7+ Qxa7 27. Rxa7+ Kxa7 28. h3 Rb1+ 29. Kh2 Rhb8 30. Qc4 Bb5 31. Qc7+ Rb7 32. Qa5+ Ba6 33. Qc5+ Kb8 34. Qf8+ Ka7 35. Qd6 R1b5 36. Bc4 Ra5 37. Bxa6 Rxa6 38. Qxe5 Rd7 39. Qc5+ Kb7 40. Qb5+ Rb6 41. Qa5 Rc6 42. e5 Nd5 43. Qb5+ Rb6 44. Qxd7+ 1-0


[Site "https://www.chess.com"]

[Event "Titled Tuesday Blitz April 12 Early 2022"]
[White "Samant Aditya S"]
[Black "Ferreira, Vitor Hugo Vieira"]
[WhiteFideId "35080580"]
[BlackFideId "2119765"]
[WhiteElo "1916"]
[BlackElo "2165"]
[Result "0-1"]
[Round "04"]
[TimeControl "180+1"]
[Date "2022.04.13"]
[WhiteClock "0:00:05"]
[BlackClock "0:00:04"]

1. d4 Nf6 2. c4 g6 3. Nc3 d5 4. cxd5 Nxd5 5. e4 Nxc3 6. bxc3 Bg7 7. Nf3 O-O 8. Rb1 c5 9. Be2 Nc6 10. d5 Na5 11. c4 b6 12. O-O e6 13. Bd2 exd5 14. cxd5 Nb7 15. Bf4 Re8 16. Nd2 Nd6 17. f3 Qf6 18. Bg3 Qd4+ 19. Kh1 Be5 20. Bf2 Qc3 21. Rb3 Qa5 22. Be3 Ba6 23. f4 Bxe2 24. Qxe2 Bg7 25. e5 Nf5 26. Nc4 Qa6 27. Qc2 b5 28. Ra3 Qb7 29. Nd2 Nxe3 30. Rxe3 Qxd5 31. Ne4 c4 32. Rd1 Qe6 33. Nd6 Red8 34. Rde1 Bf8 35. Nxb5 Rac8 36. Re4 c3 37. Nd4 Qb6 38. Nf3 Bc5 39. R4e2 Bb4 40. Ng5 h6 41. Ne4 Be7 42. h3 Qa5 43. Kh2 Rd7 44. Nf2 Rdc7 45. Ne4 Qd5 46. Rd1 Qe6 47. Rde1 Kg7 48. g3 h5 49. Nf2 h4 50. g4 g5 51. f5 Qb6 52. f6+ Bxf6 53. exf6+ Qxf6 54. Ne4 Qf4+ 55. Kg2 Rd7 56. Rf2 Qe5 57. Ref1 Rcd8 58. Nf6 Rd2 59. Qh7+ Kf8 60. Qh6+ Ke7 61. Nh5 Qe4+ 62. Kh2 Qe5+ 63. Kg1 Rxf2 64. Rxf2 Rd1+ 65. Kg2 Qe4+ 66. Rf3 Rd2+ 67. Kg1 Qe1+ 68. Rf1 Qe3+ 69. Kh1 Qxh3+ 70. Kg1 Qh2# 0-1


[Site "https://www.chess.com"]

[Event "Titled Tuesday Blitz April 12 Early 2022"]
[White "Sarana, Alexey"]
[Black "Pranav, V"]
[WhiteFideId "24133795"]
[BlackFideId "25060783"]
[WhiteElo "2666"]
[BlackElo "2349"]
[Result "1-0"]
[Round "04"]
[TimeControl "180+1"]
[Date "2022.04.12"]
[WhiteClock "0:00:38"]
[BlackClock "0:00:01"]

1. d4 d5 2. c4 e6 3. Nc3 Be7 4. cxd5 exd5 5. Bf4 Nf6 6. e3 c6 7. Bd3 Bg4 8. Nge2 O-O 9. O-O Re8 10. Qc2 Bh5 11. Ng3 Bg6 12. Nf5 Bf8 13. h3 Na6 14. a3 c5 15. Ng3 Rc8 16. Bxg6 hxg6 17. Rad1 cxd4 18. Rxd4 Nc5 19. Bg5 Ne6 20. Bxf6 gxf6 21. Rxd5 Qxd5 22. Nxd5 Rxc2 23. Nxf6+ Kh8 24. Nxe8 Rxb2 25. a4 Be7 26. Rd1 Kg8 27. Ne4 f5 28. Nc3 Kf8 29. Nd6 Rc2 30. Ncb5 a6 31. Nd4 Nxd4 32. Rxd4 b6 33. g4 fxg4 34. hxg4 Rc6 35. Nc4 b5 36. axb5 axb5 37. Ne5 Re6 38. Rd5 b4 39. Rb5 Kg7 40. Kg2 Bd6 41. Nc4 Bf8 42. Kf3 Rc6 43. Rb7+ Kf6 44. Nd2 Ke6 45. Nb3 Rc8 46. Ke4 Kf6 47. f4 Re8+ 48. Kf3 g5 49. Rb6+ Re6 50. fxg5+ Kf7 51. Rb5 Kg6 52. Nd4 Ra6 53. Ne2 Be7 54. Nf4+ Kg7 55. Rb7 Kf8 56. g6 Bf6 57. Nh5 Be5 58. g7+ Kg8 59. Ke4 1-0


[Site "https://www.chess.com"]

[Event "Titled Tuesday Blitz April 12 Early 2022"]
[White "Seul, Georg"]
[Black "Mika, Tomasz"]
[WhiteFideId "4601653"]
[BlackFideId "1132970"]
[WhiteElo "2271"]
[BlackElo "2116"]
[Result "1/2-1/2"]
[Round "04"]
[TimeControl "180+1"]
[Date "2022.04.13"]
[WhiteClock "0:00:32"]
[BlackClock "0:00:05"]

1. e4 c6 2. d4 d5 3. e5 Bf5 4. h4 h5 5. Bd3 Bxd3 6. Qxd3 Qa5+ 7. Nd2 e6 8. Nf3 Qa6 9. c4 Nh6 10. O-O Nf5 11. b3 Be7 12. Qc3 Nxh4 13. Nxh4 Bxh4 14. cxd5 exd5 15. Qh3 Bd8 16. e6 f6 17. Qf5 Be7 18. Qg6+ Kd8 19. Qxg7 Rf8 20. Nf3 c5 21. dxc5 Qxe6 22. Be3 Qg4 23. Qxg4 hxg4 24. Nd4 Kd7 25. Nf5 Nc6 26. Rad1 Ke6 27. Ng3 Rad8 28. Rfe1 Kf7 29. Nf5 Kg6 30. Nxe7+ Nxe7 31. Bf4 Nf5 32. Kf1 d4 33. Ke2 Rd5 34. b4 a5 35. a3 axb4 36. axb4 Ra8 37. Ra1 d3+ 38. Kd2 Rxa1 39. Rxa1 Nd4 40. Kxd3 Ne6+ 41. Ke3 Nxf4 42. Kxf4 Rd4+ 43. Kg3 Rxb4 1/2-1/2


[Site "https://www.chess.com"]

[Event "Titled Tuesday Blitz April 12 Early 2022"]
[White "Shimanov, Aleksandr"]
[Black "Grischuk, Alexander"]
[WhiteFideId "4198603"]
[BlackFideId "4126025"]
[WhiteElo "2636"]
[BlackElo "2762"]
[Result "1/2-1/2"]
[Round "04"]
[TimeControl "180+1"]
[Date "2022.04.12"]
[WhiteClock "0:00:03"]
[BlackClock "0:00:02"]

1. d4 e6 2. Bf4 d5 3. Nc3 Bd6 4. Qd2 Nf6 5. O-O-O O-O 6. Nf3 b5 7. Bxd6 cxd6 8. Nxb5 Ne4 9. Qe1 Nc6 10. e3 Rb8 11. Nd2 Qb6 12. Nxe4 dxe4 13. Qc3 Ba6 14. a4 Na5 15. Qc7 Qxc7 16. Nxc7 Bxf1 17. Rhxf1 Rb6 18. Nb5 a6 19. Na3 d5 20. b3 Nc6 21. Kb2 Rc8 22. Rd2 Nb4 23. c3 Nd3+ 24. Rxd3 exd3 25. Rd1 h5 26. Rxd3 h4 27. h3 g5 28. b4 Kg7 29. a5 Rbc6 30. Nc2 Kg6 31. Na1 Kf5 32. f3 Kf6 33. Nb3 Ke7 34. Nc5 Rd8 35. e4 f6 36. Re3 Kf7 37. exd5 Rxd5 38. Kc2 e5 39. dxe5 Rxe5 40. Rxe5 fxe5 41. Kd3 Rd6+ 42. Ke2 Kg6 43. Ne4 Rd8 44. Nc5 Rd6 45. Ne4 Rd8 46. c4 Rd4 47. Nd2 Kf5 48. Ke3 Ke6 49. Ke2 Kf5 50. Ke3 Ke6 51. Ke2 Kf5 1/2-1/2


[Site "https://www.chess.com"]

[Event "Titled Tuesday Blitz April 12 Early 2022"]
[White "Shohat, Yotam"]
[Black "Seo, Jung Min"]
[WhiteFideId "2813955"]
[BlackFideId "1734687"]
[WhiteElo "2119"]
[BlackElo "2401"]
[Result "0-1"]
[Round "04"]
[TimeControl "180+1"]
[Date "2022.04.13"]
[WhiteClock "0:00:04"]
[BlackClock "0:00:17"]

1. e4 e5 2. f4 exf4 3. Bc4 Nf6 4. Nc3 Nc6 5. d4 Bb4 6. e5 Ne4 7. Nf3 Nxc3 8. bxc3 Bxc3+ 9. Bd2 Bxa1 10. Qxa1 d5 11. exd6 Qxd6 12. d5 O-O 13. dxc6 Qxc6 14. Bd3 Re8+ 15. Kf2 Bg4 16. Qd4 Bxf3 17. gxf3 Rad8 18. Qxf4 Rd6 19. Rg1 Rf6 20. Qg4 Qb6+ 21. Kf1 g6 22. Bc3 Rfe6 23. Qd4 Re1+ 24. Kf2 Rxg1 25. Qxb6 axb6 26. Kxg1 Ra8 27. Bc4 b5 28. Bxb5 Rxa2 29. Bd3 c6 30. Kf2 Ra3 31. Bd4 Ra4 32. Ke3 Ra8 33. Kd2 Rd8 34. Kc3 Rd5 35. Be4 Rh5 36. Bg1 Rh3 37. Kc4 f5 38. Bd3 Rxf3 39. Kc5 Rf4 40. Kb6 Rb4+ 41. Kc5 Rb1 42. Bd4 f4 43. Kd6 Kf7 44. Bc4+ Ke8 45. Be5 f3 46. Bg3 g5 47. Ke5 g4 48. Kf4 Rb4 49. Kxg4 Rxc4+ 50. Kxf3 Rxc2 51. Ke4 b5 52. Kf4 Rc4+ 0-1


[Site "https://www.chess.com"]

[Event "Titled Tuesday Blitz April 12 Early 2022"]
[White "Skliarov, Viktor"]
[Black "Lopez, Henry"]
[WhiteFideId "14106736"]
[BlackFideId "5203830"]
[WhiteElo "2229"]
[BlackElo "2177"]
[Result "0-1"]
[Round "04"]
[TimeControl "180+1"]
[Date "2022.04.13"]
[WhiteClock "0:00:03"]
[BlackClock "0:00:12"]

1. e4 c5 2. Nf3 d6 3. d4 cxd4 4. Qxd4 a6 5. Be3 Nc6 6. Qd2 g6 7. Nc3 Bg7 8. Nd5 Kf8 9. Bb6 Qd7 10. c3 Nf6 11. Nxf6 Bxf6 12. Qh6+ Bg7 13. Qe3 h5 14. Bc4 Bf6 15. h4 Kg7 16. Ng5 Rf8 17. f3 Ne5 18. Bb3 Qb5 19. Rd1 a5 20. Rd5 Qc6 21. a4 Nc4 22. Bxc4 Qxc4 23. Bd4 Qxa4 24. O-O e5 25. Bb6 Be7 26. f4 f6 27. fxe5 dxe5 28. Nf3 Be6 29. Rd2 Qc6 30. Rfd1 a4 31. Qf2 Rac8 32. Re1 Rfe8 33. Be3 Red8 34. Qg3 Rxd2 35. Bxd2 Rd8 36. Be3 Qb5 37. Kh2 Bg4 38. Bc1 Rd3 39. Qf2 Qd7 40. Qe2 b5 41. Qf2 Be6 42. Rf1 Qd6 43. Qe2 Bc4 44. Qf2 Qc5 45. Qg3 Qd6 46. Qf2 Qd7 47. Qg3 Qg4 48. Qxg4 hxg4 49. Ng1 g3+ 50. Kh1 Be6 51. Rf3 Rxf3 52. Nxf3 Bd6 53. Kg1 f5 54. exf5 gxf5 55. Kf1 Bc4+ 56. Ke1 Kf6 57. Bg5+ Kg6 58. Be3 f4 59. Bb6 e4 60. Nd2 Bd3 61. Bd4 Kh5 62. Bf6 Kg4 63. Nf1 Bc5 64. Be5 Bf2+ 65. Kd1 Bxf1 66. h5 Kxh5 67. Bxf4 Bxg2 68. Kd2 Bf3 0-1


[Site "https://www.chess.com"]

[Event "Titled Tuesday Blitz April 12 Early 2022"]
[White "Skytte, Rasmus"]
[Black "Politov, Pavel Y."]
[WhiteFideId "1404210"]
[BlackFideId "24110515"]
[WhiteElo "2430"]
[BlackElo "2090"]
[Result "0-1"]
[Round "04"]
[TimeControl "180+1"]
[Date "2022.04.13"]
[WhiteClock "0:01:52"]
[BlackClock "0:01:17"]

1. e4 c5 2. Nf3 d6 3. d4 cxd4 4. Nxd4 Nf6 5. Nc3 a6 6. f3 e5 7. Nb3 Be6 8. Be3 Be7 9. Qd2 Nbd7 10. O-O-O O-O 11. g4 b5 12. g5 Nh5 13. h4 Ng3 14. Rg1 Nxf1 15. Rdxf1 f5 16. Nd5 f4 17. Nxe7+ Qxe7 18. Bf2 Nc5 19. Nxc5 dxc5 20. Qc3 Rfc8 21. Qxe5 c4 22. Qxf4 c3 23. b3 Qa3+ 24. Kd1 Qxa2 25. Bd4 Rd8 26. Qe5 Qb1+ 27. Ke2 Qxc2+ 28. Ke3 Qd2# 0-1


[Site "https://www.chess.com"]

[Event "Titled Tuesday Blitz April 12 Early 2022"]
[White "Srihari L R"]
[Black "Czerw, Dawid"]
[WhiteFideId "46617116"]
[BlackFideId "1145746"]
[WhiteElo "2121"]
[BlackElo "2125"]
[Result "1-0"]
[Round "04"]
[TimeControl "180+1"]
[Date "2022.04.13"]
[WhiteClock "0:00:13"]
[BlackClock "0:00:04"]

1. Nc3 c5 2. e4 Nc6 3. g3 g6 4. Bg2 Bg7 5. Nge2 e5 6. d3 Nge7 7. O-O O-O 8. f4 d6 9. h3 Be6 10. Kh2 Qd7 11. Nd5 f5 12. c4 Rae8 13. Rb1 Nd4 14. Nxd4 cxd4 15. fxe5 dxe5 16. Bg5 Nc6 17. exf5 gxf5 18. Qh5 Bf7 19. Qh4 Bg6 20. Rbe1 Rf7 21. b4 Nd8 22. Bf6 b5 23. cxb5 e4 24. dxe4 fxe4 25. Bxg7 Qxd5 26. Bf6 Ref8 27. Bxd8 Qxd8 28. Qxd8 Rxd8 29. Rxf7 Kxf7 30. Bxe4 Bxe4 31. Rxe4 d3 32. Re1 Rd4 33. a3 Rc4 34. Rd1 Rc3 35. a4 Rb3 36. h4 Rxb4 37. Rxd3 Rxa4 38. Rd7+ Kg6 39. Kh3 h5 40. Rd6+ Kg7 41. Rd5 Kg6 42. Rg5+ Kh6 43. Rg8 Ra2 44. Rc8 Ra5 45. Rc5 Kg6 46. Kg2 Ra2+ 47. Kg1 Ra1+ 48. Kf2 Ra2+ 49. Ke3 Ra3+ 50. Kf4 Ra4+ 51. Ke5 Rg4 52. Rc3 Rb4 53. Rc6+ Kg7 54. Rc7+ Kg6 55. Rb7 Rb3 56. Kd5 Rxg3 57. Rxa7 Rg4 58. b6 Rxh4 59. Kc5 Rh1 60. Ra4 Rf1 61. b7 Rf5+ 62. Kd6 Rf6+ 63. Kd7 Rf7+ 64. Kc8 Rf8+ 65. Kc7 Rf7+ 66. Kb6 Kg5 67. b8=Q 1-0


[Site "https://www.chess.com"]

[Event "Titled Tuesday Blitz April 12 Early 2022"]
[White "Stanisz, Patryk"]
[Black "Omelja, Artem"]
[WhiteFideId "1123106"]
[BlackFideId "14119846"]
[WhiteElo "1833"]
[BlackElo "2382"]
[Result "0-1"]
[Round "04"]
[TimeControl "180+1"]
[Date "2022.04.13"]
[WhiteClock "0:00:24"]
[BlackClock "0:00:46"]

1. d4 d5 2. c4 c6 3. Nf3 Nf6 4. Nc3 e6 5. e3 Nbd7 6. Qc2 Bd6 7. g4 Bb4 8. Bd2 O-O 9. g5 Bxc3 10. Bxc3 Ne4 11. Rg1 Rb8 12. Bd3 b5 13. cxb5 cxb5 14. Bb4 Re8 15. Ne5 Nxe5 16. dxe5 Bb7 17. Bxb5 Qb6 18. Qa4 Rec8 19. Ba5 Qc5 20. Bb4 Qc7 21. f4 Qb6 22. Ke2 a6 23. Bd3 Bc6 24. Qxa6 Qxb4 25. Rab1 Qd2+ 0-1


[Site "https://www.chess.com"]

[Event "Titled Tuesday Blitz April 12 Early 2022"]
[White "Steil-Antoni, Fiona"]
[Black "Wesolowska, Hanna"]
[WhiteFideId "4001249"]
[BlackFideId "1104683"]
[WhiteElo "2059"]
[BlackElo "2292"]
[Result "0-1"]
[Round "04"]
[TimeControl "180+1"]
[Date "2022.04.13"]
[WhiteClock "0:00:42"]
[BlackClock "0:00:36"]

1. e4 c5 2. Nc3 e6 3. f4 a6 4. d3 b5 5. g3 Bb7 6. Bg2 b4 7. Nce2 Nf6 8. Nf3 d5 9. e5 Nfd7 10. c3 Be7 11. d4 O-O 12. O-O Nc6 13. Be3 a5 14. g4 Ba6 15. Rf2 Bxe2 16. Qxe2 bxc3 17. bxc3 cxd4 18. cxd4 Rb8 19. f5 Nb6 20. Raf1 Nc4 21. Bc1 Rb1 22. f6 gxf6 23. exf6 Bxf6 24. Ne5 Bxe5 25. dxe5 N6xe5 26. Bh6 Rxf1+ 27. Bxf1 Qb6 28. Qd1 Rb8 29. Bxc4 dxc4 30. Qd2 Nf3+ 0-1


[Site "https://www.chess.com"]